AoeStats
← ccereal

MegaRandom

509154725Analyzed
3v3 RM · 7d ago on Sep 25, 2026· 55m 20s· 6 players
Game mode
Random Map
Map size
Normal (6 player)
Population
200
Speed
Normal
Resources
Standard
Victory
Conquest
Starting age
Dark Age
Ending age
Imperial Age
RankedLock teamsTeams togetherTeam positionsShared explorationLock speedFull tech treeHidden civsTurbo modeCheats
Victory
Defeat
🇪🇸 Japanese · Spain
1635
+12
🇪🇸 Saxons · Spain
1526
+17
🇪🇸 Mongols · Spain
1443
+21
🇫🇷 Saracens · France
1620
-20
🇫🇷 Burgundians · France
1539
-16
🇫🇷 Britons · France
1477
-14
CQ.MaSSa_V
10:35 Feudal Age
9:13 Loom
11:02 Feudal Age
17:01 Castle Age
15:33 Fletching
17:27 Double-Bit Axe
20:01 Horse Collar
31:09 Wheelbarrow
30:20 Town Watch
30:51 Bodkin Arrow
31:42 Wheelbarrow
31:00 Guard Tower
31:24 Scale Mail Armor
36:31 Imperial Age
34:04 Stone Mining
36:17 Chain Mail Armor
36:13 Forging
36:52 Town Watch
37:45 Bow Saw
37:19 Shield Wall
38:20 Conscription
39:03 Plate Mail Armor
39:09 Iron Casting
39:20 Squires
39:05 Arson
39:06 Gambesons
39:33 Elite Hearth Troop
40:18 Elite Varangian Guard
41:49 Capped Ram
43:09 Siege Ram
48:10 Two-Man Saw
47:13 Heavy Plow
48:15 Bracer
48:16 Padded Archer Armor
48:59 Gold Mining
49:25 Caravan
49:36 Guilds
50:00 Coinage
50:32 Gold Shaft Mining
52:32 Masonry
52:43 Ballistics
53:24 Chemistry
53:19 Leather Archer Armor
CQ.Manudq85
8:12 Loom
11:19 Feudal Age
12:16 Double-Bit Axe
15:09 Castle Age
13:21 Fletching
14:04 Fishing Lines
14:15 Horse Collar
16:57 Bow Saw
19:14 Wheelbarrow
21:39 Wheelbarrow
21:01 Gold Mining
23:34 Bodkin Arrow
24:08 Ballistics
25:37 Bloodlines
25:28 Husbandry
25:57 Thumb Ring
26:44 Padded Archer Armor
26:36 Town Watch
27:10 Heavy Plow
29:37 Leather Archer Armor
30:06 Hand Cart
36:06 Imperial Age
34:44 Guard Tower
36:11 Stone Mining
36:16 Elite Mangudai
36:59 Bracer
38:06 Chemistry
38:45 Parthian Tactics
39:06 Conscription
39:35 Heavy Cavalry Archer
41:44 Masonry
41:11 Capped Ram
43:49 Siege Ram
44:51 Murder Holes
47:01 Elite Skirmisher
CQ.BENJI
8:59 Loom
11:13 Feudal Age
12:26 Double-Bit Axe
15:11 Castle Age
13:47 Fishing Lines
16:22 Bow Saw
16:21 Gillnets
23:47 Horse Collar
26:51 Wheelbarrow
30:19 Imperial Age
28:30 Gold Mining
29:41 Hand Cart
29:17 Town Watch
30:10 Thumb Ring
29:27 Crossbowman
30:41 Padded Archer Armor
30:31 Fletching
31:15 Ballistics
30:34 Heavy Cavalry Archer
31:42 Parthian Tactics
32:23 Chemistry
31:53 Leather Archer Armor
31:40 Stone Mining
32:20 Conscription
32:07 Bodkin Arrow
32:56 Yasama
33:12 Bracer
33:42 Ring Archer Armor
33:31 Bloodlines
33:22 Husbandry
36:34 Guard Tower
37:27 Hoardings
38:05 Town Patrol
38:06 Pikeman
38:46 Squires
40:13 Keep
42:56 Halberdier
43:22 Arson
43:46 Scale Mail Armor
43:56 Forging
47:22 Chain Mail Armor
47:43 Iron Casting
50:03 Plate Mail Armor
50:34 Blast Furnace
52:53 Gold Shaft Mining
54:36 Caravan
Tonymontana
5:27 Loom
8:34 Feudal Age
18:37 Castle Age
17:25 Double-Bit Axe
17:48 Horse Collar
18:01 Gold Mining
19:10 Crossbowman
20:21 Padded Archer Armor
20:14 Fletching
21:43 Padded Archer Armor
25:30 Gold Mining
26:09 Heavy Plow
27:07 Bow Saw
27:37 Wheelbarrow
28:29 Leather Archer Armor
28:40 Yeomen
28:58 Bodkin Arrow
31:14 Hand Cart
32:18 Gold Shaft Mining
35:56 Imperial Age
36:10 Ballistics
36:12 Arbalester
36:56 Bracer
38:10 Chemistry
37:32 Conscription
38:46 Two-Man Saw
37:34 Town Watch
37:44 Stone Mining
39:05 Town Patrol
39:17 Siege Engineers
42:54 Hoardings
52:12 Ring Archer Armor
ccereal
3:25 Loom
8:30 Feudal Age
8:59 Double-Bit Axe
12:53 Fletching
15:48 Padded Archer Armor
19:42 Wheelbarrow
20:04 Town Watch
23:56 Castle Age
22:47 Horse Collar
22:57 Gold Mining
28:10 Imperial Age
25:43 Crossbowman
26:45 Bodkin Arrow
29:55 Chemistry
29:23 Bracer
30:08 Arbalester
32:41 Leather Archer Armor
34:20 Ring Archer Armor
35:56 Thumb Ring
37:26 Bow Saw
40:26 Siege Engineers
45:03 Ballistics
Frorok
6:59 Double-Bit Axe
8:28 Loom
10:46 Feudal Age
11:59 Bow Saw
15:11 Horse Collar
18:10 Castle Age
16:26 Scale Barding Armor
17:34 Forging
18:06 Heavy Plow
21:10 Two-Man Saw
20:42 Chain Barding Armor
20:58 Iron Casting
20:52 Cavalier
21:32 Husbandry
23:51 Wheelbarrow
28:30 Fletching
34:12 Hand Cart
33:59 Town Watch
34:43 Gold Mining
38:18 Imperial Age
35:21 Light Cavalry
38:05 Bodkin Arrow
38:22 Paladin
39:37 Plate Barding Armor
39:26 Conscription
40:38 Blast Furnace
40:18 Hoardings
39:50 Burgundian Vineyards
39:36 Elite Coustillier
44:04 Chemistry
43:15 Hussar
50:01 Padded Archer Armor
53:23 Masonry
Connection lost

Rejoining the realm…

Still unreachable

The connection could not be restored.

Session expired

The server has moved on; the page needs a fresh start.